[ AOE2 MATCH · #508100260 ]
UnrankedMagyars vs Wei
Player's team · WIN
Rival team · LOSS
[ REPLAY ANALYSIS · EXTRACTED FROM THE RECORDED GAME ]
Feudal
10:31
Castle
22:49
Imperial
40:10
| APM avg | 67.6 |
| APM peak | 111 |
| eAPM avg | 45.2 |
| Villagers / military | 224 / 460 |
Focus
⚔️ 65.4% · 🌾 34.6%
Magyar Huszar ×288 · Skirmisher ×74 · Cavalry Archer ×63 · Archer ×13 · Knight ×7 · Militia ×5
Feudal
10:36
Castle
23:39
Imperial
39:36
| APM avg | 71.6 |
| APM peak | 117 |
| eAPM avg | 37.1 |
| Villagers / military | 285 / 111 |
Focus
⚔️ 44.3% · 🌾 55.7%
Unknown (1952) ×140 · Scout Cavalry ×64 · Skirmisher ×30 · Unknown (1942) ×8 · Archer ×5 · Militia ×5
Match map
Initial resources + every placement click. Lines = walls · curves = elevation contours. ◆ gold · ⬟ stone · ● berries · ✦ relic · ◌ wall gap
Your base· Open — 7t gap
Macluffy's base· Open — 1t gap
Smoothed initial terrain · ◌ = detected wall gap · hover for details
Inputs per minute
— CNZS_Daniel - - Macluffy
Build order — CNZS_Daniel
First 150 of 979 actions detected
| 0:00 | Queue | Villager (Male) |
| 0:01 | Queue | Villager (Male) |
| 0:02 | Build | House |
| 0:02 | Build | House |
| 0:04 | Queue | Villager (Male) |
| 0:10 | Queue | Villager (Male) |
| 0:10 | Queue | Villager (Male) |
| 1:25 | Queue | Villager (Male) |
| 1:26 | Queue | Villager (Male) |
| 1:57 | Build | Lumber Camp |
| 1:58 | Queue | Villager (Male) |
| 1:59 | Queue | Villager (Male) |
| 2:15 | Queue | Villager (Male) |
| 2:16 | Queue | Villager (Male) |
| 2:49 | Queue | Villager (Male) |
| 3:07 | Queue | Villager (Male) |
| 3:07 | Queue | Villager (Male) |
| 3:33 | Queue | Villager (Male) |
| 3:33 | Queue | Villager (Male) |
| 3:53 | Queue | Villager (Male) |
| 3:54 | Queue | Villager (Male) |
| 4:02 | Build | House |
| 4:21 | Queue | Villager (Male) |
| 4:21 | Queue | Villager (Male) |
| 4:42 | Build | Barracks |
| 5:02 | Queue | Villager (Male) |
| 5:03 | Queue | Villager (Male) |
| 5:24 | Build | House |
| 5:38 | Queue | Militia |
| 5:43 | Build | Palisade Wall |
| 5:50 | Queue | Militia |
| 5:53 | Build | House |
| 5:55 | Build | Palisade Wall |
| 5:57 | Build | Palisade Wall |
| 6:10 | Queue | Villager (Male) |
| 6:19 | Build | Palisade Wall |
| 6:38 | Queue | Villager (Male) |
| 6:39 | Queue | Villager (Male) |
| 7:00 | Queue | Villager (Male) |
| 7:25 | Queue | Villager (Male) |
| 7:49 | Research | Loom |
| 7:52 | Build | Mill |
| 8:07 | Build | House |
| 8:17 | Build | Palisade Wall |
| 8:21 | Research | Feudal Age |
| 8:21 | Research | Feudal Age |
| 8:55 | Build | Mining Camp |
| 9:18 | Queue | Villager (Male) |
| 9:25 | Build | Palisade Wall |
| 9:31 | Build | House |
| 9:32 | Build | Palisade Wall |
| 9:35 | Queue | Militia |
| 9:35 | Queue | Militia |
| 9:57 | Queue | Militia |
| 10:08 | Build | Farm |
| 10:10 | Build | Farm |
| 10:31 | Age | Feudal Age |
| 10:40 | Queue | Villager (Male) |
| 10:41 | Research | Man-at-Arms (upgrade) |
| 10:59 | Queue | Villager (Male) |
| 10:59 | Queue | Villager (Male) |
| 11:00 | Queue | Villager (Male) |
| 11:19 | Build | Farm |
| 11:21 | Build | Farm |
| 11:27 | Queue | Villager (Male) |
| 11:27 | Queue | Villager (Male) |
| 11:30 | Build | Farm |
| 11:47 | Queue | Villager (Male) |
| 11:47 | Queue | Villager (Male) |
| 11:49 | Build | Farm |
| 11:50 | Build | Farm |
| 11:56 | Research | Double-Bit Axe |
| 12:00 | Queue | Villager (Male) |
| 12:00 | Queue | Villager (Male) |
| 12:31 | Queue | Villager (Male) |
| 12:41 | Queue | Villager (Male) |
| 12:41 | Queue | Villager (Male) |
| 12:42 | Queue | Villager (Male) |
| 12:44 | Queue | Villager (Male) |
| 12:45 | Queue | Villager (Male) |
| 13:10 | Queue | Villager (Male) |
| 13:12 | Build | Archery Range |
| 13:14 | Queue | Villager (Male) |
| 13:17 | Build | Farm |
| 13:29 | Queue | Villager (Male) |
| 13:32 | Build | Farm |
| 13:34 | Build | House |
| 13:48 | Build | House |
| 13:56 | Build | Farm |
| 14:11 | Build | House |
| 14:13 | Build | House |
| 14:19 | Queue | Villager (Male) |
| 14:25 | Queue | Skirmisher |
| 14:27 | Queue | Villager (Male) |
| 14:32 | Queue | Villager (Male) |
| 14:34 | Build | House |
| 14:35 | Queue | Spearman |
| 14:37 | Queue | Villager (Male) |
| 14:38 | Queue | Villager (Male) |
| 14:42 | Build | Farm |
| 14:45 | Queue | Villager (Male) |
| 14:52 | Build | House |
| 14:56 | Queue | Villager (Male) |
| 14:56 | Queue | Villager (Male) |
| 15:12 | Queue | Skirmisher |
| 15:13 | Queue | Skirmisher |
| 15:13 | Queue | Skirmisher |
| 15:20 | Queue | Villager (Male) |
| 15:29 | Queue | Villager (Male) |
| 15:52 | Build | Blacksmith |
| 15:56 | Queue | Skirmisher |
| 16:00 | Queue | Villager (Male) |
| 16:15 | Queue | Skirmisher |
| 16:23 | Queue | Villager (Male) |
| 16:30 | Build | Lumber Camp |
| 16:41 | Queue | Archer |
| 16:48 | Build | Farm |
| 16:50 | Build | Farm |
| 17:08 | Queue | Archer |
| 17:09 | Build | Archery Range |
| 17:17 | Build | Farm |
| 17:49 | Queue | Archer |
| 17:55 | Build | Farm |
| 18:03 | Build | Lumber Camp |
| 18:05 | Build | Farm |
| 18:09 | Queue | Archer |
| 18:20 | Build | House |
| 18:34 | Research | Fletching |
| 18:34 | Queue | Archer |
| 18:34 | Queue | Archer |
| 18:35 | Queue | Villager (Male) |
| 18:53 | Queue | Archer |
| 18:53 | Queue | Archer |
| 19:00 | Queue | Villager (Male) |
| 19:10 | Build | Farm |
| 19:14 | Queue | Skirmisher |
| 19:14 | Queue | Skirmisher |
| 19:16 | Queue | Villager (Male) |
| 19:38 | Build | Farm |
| 19:45 | Build | House |
| 19:47 | Build | House |
| 19:50 | Queue | Archer |
| 20:09 | Research | Castle Age |
| 20:10 | Queue | Archer |
| 20:11 | Queue | Archer |
| 20:14 | Build | House |
| 20:19 | Queue | Skirmisher |
| 20:31 | Research | Horse Collar |
| 20:31 | Research | Horse Collar |
| 20:31 | Build | Farm |
Build order — Macluffy
First 150 of 828 actions detected
| 0:01 | Queue | Villager (Male) |
| 0:02 | Build | House |
| 0:03 | Build | House |
| 0:06 | Queue | Villager (Male) |
| 0:07 | Queue | Villager (Male) |
| 0:12 | Queue | Villager (Male) |
| 1:27 | Queue | Villager (Male) |
| 1:48 | Build | Lumber Camp |
| 2:02 | Queue | Villager (Male) |
| 2:14 | Queue | Villager (Male) |
| 2:43 | Queue | Villager (Male) |
| 2:43 | Queue | Villager (Male) |
| 3:01 | Queue | Villager (Male) |
| 3:34 | Queue | Villager (Male) |
| 3:50 | Build | House |
| 4:05 | Queue | Villager (Male) |
| 4:29 | Queue | Villager (Male) |
| 4:33 | Build | Barracks |
| 4:48 | Queue | Villager (Male) |
| 4:57 | Build | Palisade Wall |
| 5:09 | Build | House |
| 5:16 | Queue | Villager (Male) |
| 5:25 | Queue | Militia |
| 5:25 | Queue | Militia |
| 5:35 | Queue | Militia |
| 5:38 | Build | Palisade Wall |
| 5:39 | Build | Palisade Wall |
| 5:51 | Queue | Villager (Male) |
| 6:15 | Queue | Villager (Male) |
| 6:26 | Build | Mill |
| 6:36 | Queue | Villager (Male) |
| 6:44 | Build | House |
| 6:58 | Queue | Villager (Male) |
| 7:14 | Research | Loom |
| 7:15 | Queue | Villager (Male) |
| 7:47 | Build | Mill |
| 7:49 | Build | Palisade Wall |
| 8:26 | Research | Feudal Age |
| 8:33 | Build | Palisade Wall |
| 8:39 | Build | House |
| 8:50 | Queue | Villager (Male) |
| 9:17 | Queue | Villager (Male) |
| 9:25 | Build | Mining Camp |
| 10:07 | Queue | Militia |
| 10:36 | Age | Feudal Age |
| 10:45 | Build | Archery Range |
| 10:52 | Queue | Villager (Male) |
| 11:05 | Queue | Villager (Male) |
| 11:08 | Build | Farm |
| 11:22 | Queue | Villager (Male) |
| 11:26 | Build | Palisade Wall |
| 11:28 | Build | Palisade Wall |
| 11:30 | Build | Palisade Wall |
| 11:34 | Queue | Villager (Male) |
| 11:35 | Queue | Skirmisher |
| 11:43 | Build | House |
| 11:53 | Build | Palisade Wall |
| 11:54 | Build | Palisade Wall |
| 11:57 | Build | Farm |
| 12:05 | Build | House |
| 12:21 | Queue | Villager (Male) |
| 12:25 | Build | House |
| 12:27 | Queue | Skirmisher |
| 12:30 | Build | House |
| 12:37 | Queue | Archer |
| 12:43 | Research | Man-at-Arms (upgrade) |
| 12:45 | Queue | Villager (Male) |
| 12:54 | Queue | Villager (Male) |
| 12:58 | Build | Farm |
| 13:04 | Queue | Archer |
| 13:13 | Queue | Villager (Male) |
| 13:35 | Queue | Villager (Male) |
| 13:42 | Build | Farm |
| 13:44 | Build | Farm |
| 13:54 | Build | Farm |
| 14:04 | Research | Double-Bit Axe |
| 14:04 | Queue | Villager (Male) |
| 14:10 | Queue | Archer |
| 14:31 | Queue | Villager (Male) |
| 14:38 | Queue | Archer |
| 14:49 | Build | Farm |
| 14:58 | Queue | Villager (Male) |
| 15:09 | Queue | Skirmisher |
| 15:10 | Queue | Villager (Male) |
| 15:16 | Build | Farm |
| 15:18 | Build | Farm |
| 15:27 | Queue | Villager (Male) |
| 15:37 | Build | Palisade Gate |
| 15:49 | Queue | Skirmisher |
| 15:49 | Queue | Villager (Male) |
| 15:58 | Build | Farm |
| 15:58 | Build | Farm |
| 15:59 | Build | Farm |
| 16:02 | Queue | Villager (Male) |
| 16:14 | Queue | Villager (Male) |
| 16:17 | Queue | Archer |
| 16:17 | Queue | Villager (Male) |
| 16:20 | Build | Lumber Camp |
| 16:20 | Queue | Villager (Male) |
| 16:24 | Queue | Skirmisher |
| 16:34 | Build | Blacksmith |
| 16:35 | Build | House |
| 16:38 | Queue | Villager (Male) |
| 16:42 | Build | Palisade Wall |
| 16:43 | Build | Palisade Wall |
| 16:52 | Research | Wheelbarrow |
| 16:53 | Queue | Militia |
| 16:59 | Queue | Skirmisher |
| 17:01 | Build | House |
| 17:13 | Research | Horse Collar |
| 17:15 | Queue | Skirmisher |
| 17:20 | Research | Fletching |
| 17:30 | Build | Farm |
| 17:30 | Queue | Villager (Male) |
| 17:33 | Build | Farm |
| 18:00 | Queue | Villager (Male) |
| 18:00 | Queue | Skirmisher |
| 18:06 | Queue | Skirmisher |
| 18:14 | Build | House |
| 18:22 | Research | Scale Mail Armor |
| 18:22 | Queue | Skirmisher |
| 18:23 | Queue | Skirmisher |
| 18:38 | Queue | Villager (Male) |
| 18:44 | Build | House |
| 18:46 | Build | House |
| 18:49 | Queue | Skirmisher |
| 18:55 | Queue | Skirmisher |
| 19:07 | Build | Market |
| 19:16 | Queue | Skirmisher |
| 19:16 | Queue | Skirmisher |
| 19:17 | Queue | Villager (Male) |
| 19:20 | Build | House |
| 19:31 | Queue | Skirmisher |
| 19:32 | Queue | Villager (Male) |
| 19:37 | Build | Farm |
| 19:54 | Queue | Villager (Male) |
| 19:56 | Build | Farm |
| 20:20 | Queue | Villager (Male) |
| 20:59 | Research | Castle Age |
| 21:11 | Queue | Skirmisher |
| 21:16 | Build | Farm |
| 21:36 | Research | Padded Archer Armor |
| 21:37 | Queue | Skirmisher |
| 21:51 | Build | Palisade Wall |
| 21:52 | Build | Palisade Wall |
| 21:58 | Queue | Skirmisher |
| 22:04 | Queue | Skirmisher |
| 22:04 | Queue | Villager (Male) |
| 22:22 | Queue | Villager (Male) |
| 22:25 | Queue | Skirmisher |
Match timeline
| 4:33 | Macluffy · first_building Barracks |
| 4:42 | CNZS_Daniel · first_building Barracks |
| 4:57 | Macluffy · wall_segment Palisade Wall x1 |
| 5:38 | Macluffy · wall_segment Palisade Wall x5 |
| 5:39 | Macluffy · wall_segment Palisade Wall x6 |
| 5:43 | CNZS_Daniel · wall_segment Palisade Wall x2 |
| 5:55 | CNZS_Daniel · wall_segment Palisade Wall x3 |
| 5:57 | CNZS_Daniel · wall_segment Palisade Wall x2 |
| 6:19 | CNZS_Daniel · wall_segment Palisade Wall x4 |
| 7:49 | Macluffy · wall_segment Palisade Wall x1 |
| 8:17 | CNZS_Daniel · wall_segment Palisade Wall x2 |
| 8:33 | Macluffy · wall_segment Palisade Wall x1 |
| 9:25 | CNZS_Daniel · wall_segment Palisade Wall x1 |
| 9:32 | CNZS_Daniel · wall_segment Palisade Wall x1 |
| 10:31 | CNZS_Daniel · age_up feudal |
| 10:36 | Macluffy · age_up feudal |
| 10:45 | Macluffy · first_building Archery Range |
| 11:26 | Macluffy · wall_segment Palisade Wall x4 |
| 11:28 | Macluffy · wall_segment Palisade Wall x4 |
| 11:30 | Macluffy · wall_segment Palisade Wall x5 |
| 11:53 | Macluffy · wall_segment Palisade Wall x1 |
| 11:54 | Macluffy · wall_segment Palisade Wall x1 |
| 13:12 | CNZS_Daniel · first_building Archery Range |
| 16:42 | Macluffy · wall_segment Palisade Wall x7 |
| 16:43 | Macluffy · wall_segment Palisade Wall x13 |
| 20:19 | Macluffy · first_market_sell 100 stone |
| 20:20 | Macluffy · first_market_buy 100 food |
| 21:31 | CNZS_Daniel · first_building Stable |
| 21:51 | Macluffy · wall_segment Palisade Wall x5 |
| 21:52 | Macluffy · wall_segment Palisade Wall x5 |
| 22:49 | CNZS_Daniel · age_up castle |
| 23:39 | Macluffy · age_up castle |
| 25:18 | CNZS_Daniel · first_building Monastery |
| 25:44 | Macluffy · first_building Monastery |
| 26:28 | Macluffy · wall_segment Palisade Wall x1 |
| 27:13 | CNZS_Daniel · first_building Siege Workshop |
| 29:10 | Macluffy · first_building Siege Workshop |
| 30:24 | CNZS_Daniel · first_building Castle |
| 33:45 | CNZS_Daniel · first_market_buy 100 food |
| 34:18 | Macluffy · wall_segment Palisade Wall x1 |
| 34:21 | Macluffy · wall_segment Palisade Wall x1 |
| 37:34 | Macluffy · first_building Stable |
| 38:01 | Macluffy · first_building Castle |
| 39:32 | CNZS_Daniel · first_market_sell 500 wood |
| 39:36 | Macluffy · age_up imperial |
| 40:10 | CNZS_Daniel · age_up imperial |
| 57:27 | Macluffy · resign |
[ AI ANALYSIS · 1 CREDIT ]
What really happened in this match?
Wolo.gg analyzes every decision: build order, eco, micro, common mistakes by bracket. Personalized analysis on WhatsApp or Discord in 30 seconds.
Civ guide
Magyars
Perfil
Jugador #265517